 Dungeon Crawl Stone Soup version 0.31-a0-152-g6aa68a64a1 (webtiles) character file.

Game seed: 225696980996324335

81 qw the Shooter (level 4, -1/38 HPs)
             Began as a Minotaur Hunter on June 10, 2023.
             Slain by an orc
             ... wielding a +0 trident
              (2 damage)
             ... on level 3 of the Dungeon.
             The game lasted 00:00:31 (1536 turns).

qw the Shooter (Minotaur Hunter)                    Turns: 1536, Time: 00:00:31

Health: -1/38      AC:  9    Str: 16    XL:     4   Next: 20%
Magic:  3/3        EV: 11    Int:  6    God:
Gold:   68         SH:  0    Dex: 15    Spells: 3/3 levels left

rFire   . . .        Y - +1 shortbow
rCold   . . .        (shield currently unavailable)
rNeg    . . .        n - +0 ring mail
rPois   +            (helmet restricted)
rElec   .            d - +2 cloak
rCorr   .            b - +0 pair of gloves
SInv    .            (no boots)
Will    .....        (no amulet)
Stlth   +            g - ring of poison resistance
HPRegen 0.26/turn    (no ring)
MPRegen 0.08/turn

%: no passive effects
@: no status effects
A: horns 2, retaliatory headbutt
a: no special abilities


You were on level 3 of the Dungeon.
You visited 1 branch of the dungeon, and saw 3 of its levels.

You collected 68 gold pieces.


Innate Abilities, Weirdness & Mutations

You have a pair of horns on your head.
You reflexively headbutt those who attack you in melee.


   Skills:
 - Level 3.1 Fighting
 + Level 5.9 Ranged Weapons
 - Level 1.0 Armour
 - Level 2.1 Dodging
 - Level 0.7 Stealth


You had 3 spell levels left.
You didn't know any spells.
Your spell library was empty.

Inventory:

Hand Weapons
 Y - a +1 shortbow (weapon)
Armour
 b - a +0 pair of gloves (worn)
 d - a +2 cloak (worn)
 n - a +0 ring mail (worn)
Jewellery
 e - a ring of ice
 g - a ring of poison resistance (left hand)
 i - a ring of ice
Potions
 a - a potion of heal wounds {unknown}
 h - a potion of enlightenment {unknown}
 j - a potion of curing {unknown}

Dungeon Overview and Level Annotations

Branches:
Dungeon (3/15)

Altars:

Shops:
D:1 :


Message History

You shoot an arrow. The arrow closely misses the orc.
The orc hits you from afar with a +0 trident. x2
You shoot an arrow. The arrow barely misses the orc.
The orc barely misses you.
You hear some strange, mumbled words.
You are confused.
The orc hits you but does no damage. Something completely misses you.
The orc hits you from afar with a +0 trident.
The orc hits you but does no damage. The orc barely misses you.
Something hits you but does no damage.
The orc hits you from afar with a +0 trident.
The orc hits you but does no damage. Something hits you but does no damage.
The orc hits you but does no damage. The orc barely misses you.
The orc closely misses you. Something hits you. The orc closely misses you.
The orc hits you but does no damage. The orc misses you. Something hits you.
The orc misses you.
An orc priest comes into view. It is wielding a +0 mace.
The orc closely misses you.
You feel less confused.
The orc priest shouts!
The orc hits you from afar with a +0 trident.
You hear some strange, mumbled words.
A puff of flame appears from out of thin air!
The puff of flame hits you. The orc barely misses you. x2
You furiously retaliate!
You headbutt the orc! You shoot an arrow. The arrow closely misses the orc.
The orc barely misses you. Something hits you but does no damage.
The orc closely misses you. The orc misses you.
You shoot an arrow. The arrow closely misses the orc.
The orc barely misses you. Something hits you. The orc barely misses you. x2
You furiously retaliate!
You headbutt the orc!
You kill the orc!
You shoot an arrow. The arrow hits the orc.
The orc is severely wounded.
Something hits you but does no damage. The orc closely misses you.
The orc priest mumbles some strange prayers to Beogh against you.
Pain shoots through your body!
The orc hits you from afar with a +0 trident.
You die...

#.## ##<...#
##.###.###.#
#######.#.## #.#
.........#####.#
.#######.......######
#..............
#..###...)....# #..#
#.).####.# #..# #{@)#
# #..# #!).# #..#


#ooo# #..# #.... #..# #.#... #. #### #. .. You could see an orc priest and 2
orcs.

Vanquished Creatures
  An orc priest (D:3)
  A gnoll (D:1)
  A dart slug (D:2)
  4 orcs (D:3)
  4 endoplasms (D:1)
  2 giant cockroaches
  2 goblins
  3 hobgoblins (D:1)
  2 quokkas
  5 ball pythons
  5 bats
  A frilled lizard (D:1)
  A kobold (D:1)
  6 rats
38 creatures vanquished.

Notes
Turn   | Place    | Note
-------+----------+-------------------------------------------
     0 | D:1      | qw the Minotaur Hunter began the quest for the Orb.
     0 | D:1      | Reached XP level 1. HP: 18/18 MP: 0/0
     0 | D:1      | 0 ||| qw: Version: 0.2-a-122-gbc61b45
     0 | D:1      | 0 ||| qw: Game counter: 3587
     0 | D:1      | 0 ||| qw: Always use a shield: true
     0 | D:1      | 0 ||| qw: God list: Okawaru
     0 | D:1      | 0 ||| qw: Allow faded altars: false
     0 | D:1      | 0 ||| qw: Do Orc after D:15 true
     0 | D:1      | 0 ||| qw: Do second Lair branch before Depths: true
     0 | D:1      | 0 ||| qw: Lair rune preference: random
     0 | D:1      | 0 ||| qw: Plans: Normal
     0 | D:1      | 0 ||| PLANNING D:1-11
   105 | D:1      | Reached XP level 2. HP: 25/25 MP: 1/1
   132 | D:1      | Reached skill level 5 in Ranged Weapons
   138 | D:1      | Reached skill level 3 in Fighting
   355 | D:1      | Found Zeux's Book Shoppe.
   470 | D:1      | Reached XP level 3. HP: 31/31 MP: 2/2
   632 | D:1      | 632 ||| UPGRADING to +2 cloak.
   637 | D:1      | 637 ||| DROPPING scarf of shadows.
   638 | D:1      | 638 ||| READING 2 scrolls labelled FEK HEGISELEHAE.
   639 | D:1      | 639 ||| READING scroll labelled BUUKHL IPHI.
   643 | D:1      | 643 ||| READING scroll labelled VUAHOV QOWKATU.
   644 | D:1      | 644 ||| DROPPING scroll of noise.
   645 | D:1      | 645 ||| DROPPING scroll of butterflies.
  1421 | D:2      | 1421 ||| UPGRADING to +0 pair of gloves.
  1426 | D:2      | 1426 ||| DROPPING +1 cloak.
  1427 | D:2      | 1427 ||| UPGRADING to +0 ring mail.
  1437 | D:2      | 1437 ||| DROPPING +0 leather armour.
  1438 | D:2      | 1438 ||| UPGRADING to ring of poison resistance.
  1439 | D:2      | 1439 ||| READING scroll labelled ALIKHA MEQIL.
  1440 | D:2      | 1440 ||| READING scroll labelled DIFIYM LECW.
  1441 | D:2      | 1441 ||| READING scroll labelled TEZXYKHL OD IXT.
  1515 | D:3      | Reached skill level 1 in Armour
  1520 | D:3      | Reached XP level 4. HP: 38/38 MP: 3/3
  1533 | D:3      | HP: 9/38 [something/puff of flame (3)]
  1536 | D:3      | HP: 1/38 [orc priest/nerve-wracking pain (6)]
  1536 | D:3      | Slain by an orc

Levels and vault maps discovered:
D:1:      minmay_arrival_arboretum_small, layout_basic, serial_shops,
          nicolae_shop_temple_entry_statues_fountains
D:2:      layout_loops_corners, minivault_23, nrook_campfire
D:3:      layout_loops_ring, st_stairs_8

Skill      XL: |  1  2  3 |
---------------+----------+-----
Ranged Weapons | 5 |  5.9
Fighting       | 3 |  3.1
Armour         | 1 |  1.0
Dodging        | |  2.1
Stealth        | |  0.7

Action                     |  1- 3 |  4- 6 || total
---------------------------+-------+-------++-------
   Fire: Shortbow          |    90 |    11 ||   101
    Use: Scroll            |     6 |       ||     6
 Armour: Leather armour    |     7 |       ||     7
         Ring mail         |     3 |    11 ||    14
  Dodge: Dodged            |    34 |    22 ||    56

Table legend:
 A = Non-vault XP
 B = Vault XP
 C = Vault XP percentage of total XP
 D = Non-vault monster count
 E = Vault monster count
 F = Vault count percentage of total count
                 A         B        C        D         E       F
            +---------+---------+-------+---------+---------+-------
      Total |     117 |       0 |   0.0 |      38 |       0 |   0.0
            +---------+---------+-------+---------+---------+-------
        D:1 |      45 |       0 |   0.0 |      22 |       0 |   0.0
        D:2 |      15 |       0 |   0.0 |       9 |       0 |   0.0
        D:3 |      57 |       0 |   0.0 |       7 |       0 |   0.0
            +---------+---------+-------+---------+---------+-------
